 Dungeon Crawl Stone Soup version 0.21.1 (webtiles) character file.

5593 pstr the Geomancer (level 10, -2/81 HPs)
             Began as a Naga Earth Elementalist on Feb 4, 2018.
             Was a Follower of Ashenzari.
             Slain by a hornet (14 damage)
             ... on level 9 of the Dungeon.
             The game lasted 00:27:57 (11962 turns).

pstr the Geomancer (Naga Earth Elementalist)       Turns: 11962, Time: 00:27:57

Health: -2/81      AC:  7    Str: 13    XL:     10   Next: 72%
Magic:  6/22       EV: 10    Int: 19    God:    Ashenzari [*.....]
Gold:   390        SH:  0    Dex: 11    Spells: 22/26 levels left

rFire    + + .     SeeInvis +   P - +6 halberd "Penig" {flame, SInv} (curse)
rCold    + . .     Gourm    .   (shield currently unavailable)
rNeg     . . .     Faith    .   j - +0 leather armour (curse)
rPois    +         Spirit   .   v - +0 helmet (curse)
rElec    .         Reflect  .   (no cloak)
rCorr    .         Harm     .   Q - +0 pair of gloves of Insecurity {rF++ Str+2} (curse)
MR       +....                  (no barding)
Stlth    ++........             (no amulet)
HPRegen  0.23/turn              k - ring of protection from cold
MPRegen  0.18/turn              (no ring)

@: lethally poisoned (-2 -> -5), very slow
A: large, see invisible, deformed body, poison resistance, slowness 2, slow
metabolism 1, spit poison 1, AC +3
a: Spit Poison, Curse Item, Scrying, Renounce Religion


You were on level 9 of the Dungeon.
You worshipped Ashenzari.
Ashenzari was aware of your devotion.
You were not hungry.

You visited 1 branch of the dungeon, and saw 9 of its levels.

You collected 589 gold pieces.
You spent 199 gold pieces at shops.

Inventory:

Hand Weapons
 m - a +1 vampiric spear
 p - a +0 short sword
 t - a +0 falchion
 w - a +0 mace of protection
 P - the cursed +6 halberd "Penig" (weapon) {flame, SInv}
   (You took it off an orc on level 8 of the Dungeon)

   It has been specially enchanted to burn those struck by it, causing extra
   injury to most foes and up to half again as much damage against particularly
   susceptible opponents.
   Big, fiery blades are also staple armaments of hydra-hunters.
   It lets you see invisible.
   It has a curse placed upon it.
Missiles
 r - 72 stones (quivered)
 C - 162 arrows
Armour
 c - a +0 robe
 j - a cursed +0 leather armour (worn)
 s - a +1 robe of cold resistance
 v - a cursed +0 helmet (worn)
 A - a +0 pair of gloves
 B - a +0 leather armour
 Q - the cursed +0 pair of gloves of Insecurity (worn) {rF++ Str+2}
   (You bought it in a shop on level 8 of the Dungeon)

   It affects your strength (+2).
   It greatly protects you from fire.
   It has a curse placed upon it.
Jewellery
 k - a ring of protection from cold (left hand)
 I - an uncursed ring of protection from cold
 S - an uncursed amulet of harm
 U - an uncursed ring of positive energy
Wands
 y - a wand of acid (6)
 J - a wand of random effects (29)
 O - a wand of enslavement (10)
 R - a wand of flame (16)
Scrolls
 a - 2 scrolls of fear
 f - 5 scrolls of identify
 g - 5 scrolls of remove curse
 h - a scroll of teleportation
 n - a scroll of blinking {unknown}
 q - a scroll of enchant armour {unknown}
 x - a scroll of fog {unknown}
 E - a scroll of vulnerability {unknown}
 F - a scroll of enchant weapon {unknown}
 K - a scroll of acquirement {unknown}
 N - a scroll of holy word {unknown}
 T - a scroll of noise {unknown}
Potions
 b - a potion of might {unknown}
 i - 2 potions of agility
 l - a potion of cancellation {unknown}
 o - a potion of mutation {unknown}
 u - 2 potions of brilliance {unknown}
 z - 2 potions of degeneration {unknown}
 D - a potion of flight {unknown}
 H - a potion of curing {unknown}
 M - 3 potions of haste {unknown}
Books
 e - a book of Geomancy

   Spells                             Type                      Level
   a - Sandblast                      Earth                        1
   b - Passwall                       Transmutation/Earth          2
   c - Stone Arrow                    Conjuration/Earth            3
   d - Petrify                        Transmutation/Earth          4
   e - Lee's Rapid Deconstruction     Earth                        5
 G - a book of Necromancy

   Spells                             Type                      Level
   a - Pain                           Necromancy                   1
   b - Animate Skeleton               Necromancy                   1
   c - Vampiric Draining              Necromancy                   3
   d - Regeneration                   Charms/Necromancy            3
   e - Animate Dead                   Necromancy                   4
   f - Borgnjor's Vile Clutch         Necromancy/Earth             5
 L - a book of Callings

   Spells                             Type                      Level
   a - Summon Small Mammal            Summoning                    1
   b - Call Imp                       Summoning                    2
   c - Call Canine Familiar           Summoning                    3
   d - Summon Guardian Golem          Hexes/Summoning              3
   e - Summon Lightning Spire         Summoning/Air                4
   f - Summon Ice Beast               Ice/Summoning                4
Comestibles
 d - 23 rations


   Skills:
 + Level 2.3 Fighting
 + Level 0.1 Long Blades
 + Level 1.6 Maces & Flails
 + Level 3.3 Armour
 + Level 3.3 Dodging
 + Level 4.4 Stealth
 + Level 8.9 Spellcasting
 + Level 5.0 Conjurations
   Level 1.0 Transmutations
 + Level 9.6 Earth Magic


You had 22 spell levels left.
You knew the following spells:

 Your Spells              Type           Power        Failure   Level  Hunger
a - Sandblast             Erth           #####.       1%          1    None
b - Stone Arrow           Conj/Erth      #####.       1%          3    None


Dungeon Overview and Level Annotations

Branches:
Dungeon (9/15)             Temple (0/1) D:4
   Lair: D:8-11         Orc: D:9-12

Altars:
Ashenzari
Cheibriados
Dithmenos
Elyvilon
Fedhas
Gozag
Hepliaklqana
Kikubaaqudgha
Trog
Zin

Shops:
D:8 [


Innate Abilities, Weirdness & Mutations

You cannot wear boots.
Your serpentine skin is tough. (AC +3)
You have supernaturally acute eyesight. (SInv)
Armour fits poorly on your strangely shaped body.
Your system is resistant to poisons. (rPois)
You cover ground very slowly.
You have a slow metabolism.
You can spit poison.


Message History

The adder bites you but does no damage. The hornet stings you.
You feel yourself slow down.
You can move again.
Casting: Sandblast
Confirm with . or Enter, or press ? or * to list all spells.
Aiming: Stone Arrow
Press: ? - help, Shift-Dir - straight line, f - hornet, p - adder
Aim: a hornet (heavily wounded)
The stone arrow hits the hornet.
The hornet is severely wounded.
You feel sick. The hornet misses you. The adder bites you.
The adder barely misses you. The hornet stings you.
* * * LOW HITPOINT WARNING * * *
You feel yourself speed up.
You feel sick. The hornet closely misses you. The adder closely misses you.
The hornet barely misses you. The adder closely misses you.
You feel sick. The hornet stings you!
* * * LOW HITPOINT WARNING * * *
The hornet stings you!
You die...

#...##.########....
#....#..[.#.....###
#.#............##
#..........)..#
#.............#
..............#
##............## ###
#..###........###
....####@####..##.##...#
.......yS.....###..###.#
............### ##..##.#
.P...)#....## ##....#
_.....#....# ######
.P... ###### .... .... .


You could see a hornet and an adder.

Vanquished Creatures
  Pikel (D:5)
  A hippogriff (D:8)
  4 yaks (D:8)
  3 ice beasts
  3 orc warriors (D:6)
  A black bear (D:8)
  2 phantoms
  3 sky beasts
  3 ogres
  3 centaurs
  3 bullfrogs
  A gnoll sergeant (D:7)
  A water moccasin zombie (D:5)
  3 scorpions
  11 killer bees
  8 wights (D:8)
  3 howler monkeys
  4 jellies
  4 crimson imps
  A quasit (D:8)
  2 centaur skeletons
  5 orc wizards
  An orc priest (D:6)
  4 hounds
  Jessica (D:2)
  5 iguanas
  6 worker ants
  A hound skeleton (D:4)
  2 worker ant zombies
  14 gnolls
  10 adders
  A shadow imp (D:7)
  An adder zombie (D:9)
  6 worms
  2 dart slugs
  5 leopard geckos
  26 orcs
  5 giant cockroaches
  6 goblins
  5 hobgoblins
  12 jackals
  7 kobolds
  8 quokkas
  A ball python (D:5)
  8 bats
  7 frilled lizards
  A jackal skeleton (D:5)
  A quokka skeleton (D:3)
  7 rats
223 creatures vanquished.

Vanquished Creatures (others)
  A bullfrog skeleton (D:5)
  A frilled lizard (D:3)
2 creatures vanquished.

Grand Total: 225 creatures vanquished

Notes
Turn   | Place    | Note
-------+----------+-------------------------------------------
     0 | D:1      | pstr the Naga Earth Elementalist began the quest for the Orb.
     0 | D:1      | Reached XP level 1. HP: 15/15 MP: 3/3
   140 | D:1      | Reached XP level 2. HP: 13/22 MP: 0/5
   735 | D:1      | Reached XP level 3. HP: 28/28 MP: 4/6
   740 | D:1      | Learned a level 3 spell: Stone Arrow
  1470 | D:2      | Reached skill level 4 in Earth Magic
  1470 | D:2      | Reached XP level 4. HP: 9/36 MP: 0/8
  2223 | D:2      | Reached XP level 5. HP: 42/42 MP: 3/9
  2232 | D:2      | Reached skill level 1 in Conjurations
  2957 | D:2      | Noticed Jessica
  2962 | D:2      | Killed Jessica
  3590 | D:3      | Found a shattered altar of Ashenzari.
  3716 | D:3      | Became a worshipper of Ashenzari the Shackled
  3800 | D:3      | Reached XP level 6. HP: 49/49 MP: 1/11
  4881 | D:4      | Found a staircase to the Ecumenical Temple.
  4896 | D:4      | Noticed a phantom
  4905 | D:4      | Reached skill level 5 in Earth Magic
  4923 | D:4      | Killed a phantom
  5143 | D:4      | Found a white marble altar of Elyvilon.
  5319 | D:4      | Reached XP level 7. HP: 55/55 MP: 5/13
  5564 | D:4      | Found an opulent altar of Gozag.
  5693 | D:4      | Found a glowing silver altar of Zin.
  5854 | D:4      | Found a bloodstained altar of Trog.
  5855 | D:4      | Found an ancient bone altar of Kikubaaqudgha.
  6159 | D:5      | Entered Level 5 of the Dungeon
  6164 | D:5      | Reached skill level 1 in Fighting
  6365 | D:5      | Reached skill level 6 in Earth Magic
  6469 | D:5      | Reached skill level 1 in Armour
  6469 | D:5      | Reached skill level 5 in Spellcasting
  6512 | D:5      | Reached XP level 8. HP: 64/64 MP: 4/15
  6688 | D:5      | Found a hazy altar of Hepliaklqana.
  6910 | D:5      | Noticed Pikel
  6926 | D:5      | Killed Pikel
  7090 | D:5      | Reached skill level 7 in Earth Magic
  7147 | D:5      | Reached * piety under Ashenzari
  7421 | D:6      | Reached XP level 9. HP: 65/73 MP: 2/18
  8139 | D:6      | Found a shadowy altar of Dithmenos.
  8385 | D:6      | Found a bloodstained altar of Trog.
  8573 | D:6      | Reached skill level 8 in Earth Magic
  9709 | D:7      | Reached skill level 1 in Maces & Flails
 10039 | D:7      | Reached XP level 10. HP: 50/80 MP: 11/21
 10247 | D:8      | Reached skill level 9 in Earth Magic
 10766 | D:8      | Found Acuulaeh's Antique Armour Emporium.
 10774 | D:8      | Got the halberd "Penig" {flame, SInv}
 10775 | D:8      | Identified the +6 halberd "Penig" {flame, SInv} (You took it off an orc on level 8 of the Dungeon)
 10985 | D:8      | Bought a pair of polished gloves for 199 gold pieces
 10995 | D:8      | Identified the +0 pair of gloves of Insecurity {rF++ Str+2} (You bought it in a shop on level 8 of the Dungeon)
 11342 | D:8      | Reached skill level 5 in Conjurations
 11834 | D:9      | Found a snail-covered altar of Cheibriados.
 11950 | D:9      | Found a blossoming altar of Fedhas.
 11957 | D:9      | Paralysed by a hornet for 3 turns
 11962 | D:9      | Slain by a hornet

Skill      XL: |  1  2  3  4  5  6  7  8  9 10 |
---------------+-------------------------------+-----
Earth Magic    | 4 5 6 7 8 9 |  9.6
Spellcasting   | 3 4 5 6 7 8 |  8.9
Conjurations   | 1 2 3 4 5 |  5.0
Dodging        | 2 3 |  3.3
Fighting       | 1 2 |  2.3
Armour         | 1 2 3 |  3.3
Stealth        | 4 |  4.4
Maces & Flails | 1 |  1.6
Long Blades    | |  0.1
Transmutations | |  1.0

Action                   |  1- 3 |  4- 6 |  7- 9 | 10-12 || total
-------------------------+-------+-------+-------+-------++-------
Melee: Unarmed           |     1 |       |       |       ||     1
       Mace              |       |     4 |    19 |     9 ||    32
       Falchion          |       |     3 |       |       ||     3
       Short sword       |       |     2 |       |       ||     2
       Halberd           |       |       |       |     4 ||     4
 Cast: Sandblast         |    43 |    53 |    46 |    34 ||   176
       Stone Arrow       |     1 |    58 |   136 |    65 ||   260
Invok: Curse Item        |       |       |       |     3 ||     3
 Abil: Spit Poison       |     3 |    17 |    19 |    11 ||    50
  Use: Scroll            |       |     2 |     3 |     1 ||     6
       Potion            |       |       |     4 |     2 ||     6
  Eat: Chunk             |     2 |    16 |    13 |     5 ||    36
       Ration            |       |       |     1 |       ||     1
Armor: Robe              |     7 |    23 |     2 |       ||    32
       Leather armour    |       |       |    32 |    62 ||    94
Dodge: Dodged            |    19 |    38 |    85 |    96 ||   238
       Rpst.: Falchion   |       |     1 |       |       ||     1
